 Dungeon Crawl Stone Soup version 0.28.0 (webtiles) character file.

Game seed: 12087836276398898301

38246 Host24 the Sniper (level 14, -3/88 HPs)
             Began as a Kobold Hunter on Feb 9, 2022.
             Was a High Priest of Okawaru.
             Killed from afar by a steam dragon (23 damage)
             ... with a ball of steam
             ... on level 3 of the Lair of Beasts.
             The game lasted 01:42:42 (21662 turns).

Host24 the Sniper (Kobold Hunter)                  Turns: 21662, Time: 01:42:43

Health: -3/88      AC: 15    Str: 25    XL:     14   Next: 33%
Magic:  19/20      EV: 23    Int: 12    God:    Okawaru [*****.]
Gold:   1019       SH:  0    Dex: 17    Spells: 19/21 levels left

rFire   . . .      SeeInvis .   a - +1 hand crossbow
rCold   + . .      Faith    .   (no shield)
rNeg    . . .      Spirit   .   r - +6 ring mail of a Labyrinth {rC+ Regen+}
rPois   .          Reflect  .   (no helmet)
rElec   .          Harm     .   c - +0 cloak
rCorr   .          Rampage  .   D - +0 pair of gloves
Will    +....                   (no boots)
Stlth   ++++......              (no amulet)
HPRegen 1.04/turn               A - +6 ring of strength
MPRegen 0.17/turn               H - +6 ring of strength

@: about to teleport, heroic
A: small, no large weapons, nightstalker 3
a: Renounce Religion, Heroism, Finesse, Duel


You were on level 3 of the Lair of Beasts.
You worshipped Okawaru.
Okawaru was extremely pleased with you.
You visited 3 branches of the dungeon, and saw 19 of its levels.
You also visited: Sewer.

You collected 1224 gold pieces.
You spent 205 gold pieces at shops.

Inventory:

Hand Weapons
 a - a +1 hand crossbow (weapon)
 w - a +1 dagger of electrocution
 B - a +0 rapier of venom
Missiles
 d - 252 bolts (quivered ammo)
 j - 545 stones
 u - 2 throwing nets
Armour
 c - a +0 cloak (worn)
 r - the +6 ring mail of a Labyrinth (worn) {rC+ Regen+}
   (You found it on level 3 of the Dungeon)

   rC:        It protects you from cold.
   Regen:     It increases your rate of health regeneration.
 D - a +0 pair of gloves (worn)
Jewellery
 o - a ring of see invisible
 z - a ring of poison resistance
 A - a +6 ring of strength (left hand)
 F - a ring of fire
 H - a +6 ring of strength (right hand)
Wands
 k - a wand of digging (2)
 m - a wand of flame (57)
 x - a wand of mindburst (25)
 E - a wand of acid (15)
 I - a wand of iceblast (28)
 M - a wand of paralysis (12)
Scrolls
 b - a scroll of vulnerability {unknown}
 e - 5 scrolls of magic mapping
 f - a scroll of holy word
 n - 3 scrolls of teleportation
 q - a scroll of silence
 J - a scroll of fog
 K - 5 scrolls of immolation
 R - a scroll of blinking
Potions
 i - a potion of resistance
 l - 2 potions of flight
 t - a potion of curing
 v - 6 potions of mutation
 N - a potion of berserk rage
 P - a potion of ambrosia


   Skills:
 - Level 10.0(15.0) Fighting
 - Level 21.0(26.0) Crossbows
 - Level 4.0(9.0) Armour
 + Level 9.9(14.9) Dodging
 - Level 1.7(6.7) Stealth
 - Level 4.0 Spellcasting
 - Level 4.0 Translocations
 - Level 7.0 Invocations
 - Level 3.0 Evocations


You had 19 spell levels left.
You knew the following spells:

 Your Spells              Type           Power      Damage    Failure   Level
a - Blink                 Tloc           24%        N/A       9%          2

Your spell library contained the following spells:

 Spells                   Type           Power      Damage    Failure   Level
 Lesser Beckoning         Tloc           12%        N/A       19%         3
 Beastly Appendage        Tmut           4%         N/A       30%         1
 Pain                     Necr           8%         1d4       30%         1
 Static Discharge         Conj/Air       2%         N/A       43%         2
 Sublimation of Blood     Necr           2%         N/A       43%         2
 Wereblood                Tmut           2%         N/A       43%         2
 Dazzling Flash           Conj/Hex       4%         N/A       67%         3
 Ozocubu's Armour         Ice            2%         N/A       67%         3
 Spider Form              Tmut/Pois      2%         N/A       67%         3
 Vampiric Draining        Necr           2%         2d6       67%         3
 Iskenderun's Mystic Bla  Conj/Tloc      7%         2d4       80%         4
 Manifold Assault         Tloc           12%        N/A       86%         5
 Airstrike                Air            1%         N/A       97%         4
 Petrify                  Tmut/Erth      2%         N/A       97%         4
 Blade Hands              Tmut           1%         N/A       100%        5
 Fireball                 Conj/Fire      1%         3d3       100%        5
 Irradiate                Conj/Tmut      1%         3d14      100%        5
 Iskenderun's Battlesphe  Conj           2%         2d6       100%        5
 Lightning Bolt           Conj/Air       1%         1d12      100%        5
 Metabolic Englaciation   Hex/Ice        1%         N/A       100%        5
 Conjure Ball Lightning   Conj/Air       1%         3x3d6     100%        6
 Iron Shot                Conj/Erth      1%         9d1       100%        6
 Starburst                Conj/Fire      1%         6d3       100%        6
 Orb of Destruction       Conj           1%         9d5       100%        7
 Borgnjor's Revivificati  Necr           1%         N/A       100%        8
 Maxwell's Capacitive Co  Air            1%         ∞         100%        8
 Necromutation            Tmut/Necr      1%         N/A       100%        8
 Death's Door             Necr           1%         N/A       100%        9
 Animate Skeleton         Necr           Unusable   N/A       N/A         1
 Animate Armour           Summ/Erth      Unusable   N/A       N/A         4
 Summon Lightning Spire   Summ/Air       Unusable   N/A       N/A         4
 Simulacrum               Ice/Necr       Unusable   N/A       N/A         6

Dungeon Overview and Level Annotations

Branches:
Dungeon (12/15)            Temple (1/1) D:6            Lair (6/6) D:10
  Swamp (0/4) Lair:4       Spider (0/4) Lair:4        Slime (0/5) Lair:5
    Orc (0/2) D:10          Sewer (visited)

Altars:
Cheibriados
Gozag
Hepliaklqana
Kikubaaqudgha
Makhleb
Nemelex Xobeh
Okawaru
Sif Muna
Trog
Vehumet
Xom
The Shining One
Jiyva

Shops:
D:1 ?   D:4 [

Annotations:
D:8 1 runed translucent door
D:9 Erolcha
D:11 Fannar; Gastronok
Lair:1 3 runed translucent doors, Beischinu's ghost, journeyman MiFi; Bukhlaj's ghost, journeyman HOFi; Ceckukk's ghost, journeyman GrEE; Taxzan's ghost, journeyman MiGl


Innate Abilities, Weirdness & Mutations

You are small and have problems with some larger weapons.
You are completely attuned to the shadows.


Message History

You see here a hydra corpse.
You gain the combat prowess of a mighty hero.
The steam dragon bites you.
* * * LOW HITPOINT WARNING * * *
The steam dragon claws you.
* * * LOW HITPOINT WARNING * * *
The steam dragon barely misses you. The steam dragon closely misses you.
You feel better.
A nearby plant withers and dies.
The steam dragon completely misses you. x2
The steam dragon breathes steam at you. The ball of steam misses you.
A steam dragon comes into view.
The steam dragon hisses angrily.
You hear an angry hiss.
The steam dragon breathes steam at you. The ball of steam hits you!
* * * LOW HITPOINT WARNING * * *
The rime drake is engulfed in a cloud of scalding steam.
The rime drake bites you but does no damage.
Unknown command.
The ice encasing you melts away.
The rime drake is engulfed in a cloud of scalding steam.
The rime drake breathes ice at you. The flash freeze hits you!
You partially resist.
* * * LOW HITPOINT WARNING * * *
You are encased in ice.
As you read the scroll of teleportation, it crumbles to dust.
You feel strangely unstable.
The rime drake is engulfed in a cloud of scalding steam.
The steam dragon completely misses you. The steam dragon closely misses you. x3
Fire: 253 bolts
Press: ? - help, Q - select action, (/) - cycle Shift-Dir - straight line, f/p - steam dragon
Aim: a steam dragon (severely wounded, catching its breath, 78% to hit)
You shoot a bolt. The bolt hits the steam dragon!
You kill the steam dragon!
Okawaru accepts your kill. The ice encasing you melts away.
The rime drake misses you. The steam dragon breathes steam at you.
The ball of steam hits you!!
You die...

§.§...# ##.....##
§.§...####......##
[..##(#.#....#...##
# ..#
#[(.....###.#.######
##
#(..(.............[.
##..................
##.D...#............
#Pk(D..#......#.....
##.@##.#........#.#.
#..##P......#....#..
##.###.##...#...P##.
#........P.<.......
###........#######.
###......### #≈≈##
#.#.>##### §≈§§§#
###....## ≈§§≈§
##..##...##≈≈ ##§≈≈≈


You could see a rime drake (catching breath) and 2 steam dragons.

Vanquished Creatures
  A catoblepas (Lair:1)
  2 boulder beetles
  2 hydras
  3 centaur warriors
  2 two-headed ogres
  3 death yaks (Lair:6)
  A lindwurm (Lair:6)
  A wizard (D:9)
  Joseph (Lair:1)
  4 black mambas
  12 cane toads
  2 molten gargoyles
  2 torpor snails (Lair:5)
  A kobold demonologist (D:11)
  4 komodo dragons
  3 rime drakes
  A hornet (Lair:6)
  2 trolls
  A polar bear (Lair:2)
  Grinder (D:3)
  11 blink frogs
  18 dream sheep
  3 jumping spiders (Lair:4)
  Sigmund (D:3)
  A shadow (D:11)
  6 wyverns
  4 wraiths
  10 spriggans (Lair:1)
  25 yaks
  Eustachio (D:4)
  A basilisk (Lair:2)
  3 steam dragons
  Edmund (D:5)
  10 water moccasins
  Pargi (Sewer)
  2 black bears
  3 orc warriors
  2 ice beasts
  A sky beast (D:6)
  2 ogres
  2 centaurs
  12 wolves
  3 kobold brigands
  16 bullfrogs
  A gnoll sergeant (D:5)
  A water moccasin zombie (D:7)
  3 scorpions
  A wyvern skeleton (D:7)
  13 killer bees
  2 water moccasin skeletons
  A wight (D:9)
  5 electric eels (D:7)
  A bullfrog zombie (D:5)
  2 centaur zombies
  5 lava snakes (Lair:3)
  3 hounds
  2 jellies
  2 bullfrog skeletons (D:7)
  3 gnoll shamans
  7 orc priests
  Jessica (D:2)
  A centaur skeleton (D:4)
  Terence (D:3)
  5 hell rats
  4 iguanas
  8 orc wizards
  A hound skeleton (D:4)
  A howler monkey zombie (D:9)
  4 adders
  17 gnolls
  An adder skeleton (D:4)
  3 worms
  2 dart slugs (D:2)
  30 orcs
  7 ball pythons
  6 endoplasms
  9 giant cockroaches
  8 hobgoblins
  2 jackals (D:1)
  20 kobolds
  7 quokkas
  4 bats
  6 frilled lizards
  12 goblins
  5 rats
405 creatures vanquished.

Vanquished Creatures (others)
  A shadow (D:9)
  A wight (D:9)
  A bush (Lair:5)
  33 fungi
  87 plants
  2 withered plants (Lair:1)
125 creatures vanquished.

Grand Total: 530 creatures vanquished

Notes
Turn   | Place    | Note
-------+----------+-------------------------------------------
     0 | D:1      | Host24 the Kobold Hunter began the quest for the Orb.
     0 | D:1      | Reached XP level 1. HP: 12/12 MP: 1/1
    34 | D:1      | Found Negyrchul's Magic Scroll Boutique.
    41 | D:1      | Reached skill level 5 in Crossbows
   465 | D:1      | Reached XP level 2. HP: 18/18 MP: 2/2
  1189 | D:2      | Noticed Jessica
  1192 | D:2      | Killed Jessica
  1193 | D:2      | Reached XP level 3. HP: 20/23 MP: 3/3
  1381 | D:2      | Reached XP level 4. HP: 26/28 MP: 4/4
  2354 | D:3      | Reached skill level 6 in Crossbows
  2354 | D:3      | Reached XP level 5. HP: 13/32 MP: 5/5
  2657 | D:3      | Noticed Terence
  2667 | D:3      | Killed Terence
  3176 | D:3      | Identified the +6 ring mail of a Labyrinth {rC+ Regen+}
  3191 | D:3      | Noticed Grinder
  3261 | D:3      | Noticed Sigmund
  3399 | D:3      | Reached skill level 7 in Crossbows
  3399 | D:3      | Reached XP level 6. HP: 30/37 MP: 6/6
  3472 | D:3      | Killed Sigmund
  3473 | D:3      | Reached skill level 8 in Crossbows
  3473 | D:3      | Reached XP level 7. HP: 40/41 MP: 7/7
  3824 | D:4      | Found a bloodstained altar of Trog.
  3941 | D:4      | Reached skill level 9 in Crossbows
  4068 | D:4      | Noticed Eustachio
  4154 | D:4      | You fall into a shaft and drop 2 floors!
  4182 | D:6      | Found a staircase to the Ecumenical Temple.
  4189 | Temple   | Entered the Ecumenical Temple
  4214 | Temple   | Became a worshipper of Warmaster Okawaru
  4396 | D:6      | Reached skill level 10 in Crossbows
  4467 | D:6      | Reached skill level 1 in Invocations
  4467 | D:6      | Reached XP level 8. HP: 46/46 MP: 8/8
  4595 | D:6      | Found a glowing drain.
  4650 | Sewer    | Entered a sewer
  4709 | Sewer    | Noticed Pargi
  4867 | Sewer    | Killed Pargi
  4867 | Sewer    | Reached * piety under Okawaru
  5485 | D:7      | Reached skill level 5 in Invocations
  5687 | D:7      | Noticed a wyvern
  5692 | D:7      | Killed a wyvern
  5693 | D:7      | Reached XP level 9. HP: 44/50 MP: 10/14
  5791 | D:7      | Noticed a two-headed ogre
  5908 | D:7      | Reached ** piety under Okawaru
  5909 | D:7      | Reached skill level 5 in Fighting
  5981 | D:7      | Noticed a death knight
  6032 | D:5      | Entered Level 5 of the Dungeon
  6032 | D:5      | Noticed Edmund
  6511 | D:5      | Reached skill level 5 in Dodging
  6622 | D:5      | Noticed a troll
  6675 | D:6      | Reached XP level 10. HP: 43/64 MP: 15/15
  6764 | D:5      | Killed Edmund
  6771 | D:5      | Reached *** piety under Okawaru
  7132 | D:4      | Killed Eustachio
  7525 | D:4      | Found Daimam's Armour Emporium.
  7847 | D:3      | Paralysed by Grinder for 5 turns
  7856 | D:3      | Killed Grinder
  8520 | D:7      | Reached skill level 11 in Crossbows
  8702 | D:8      | Found a runed translucent door.
  8702 | D:8      | Noticed a yaktaur
  8703 | D:8      | Noticed a white ugly thing
  8704 | D:8      | Noticed a centaur warrior
  8704 | D:8      | Noticed a cyclops
  8704 | D:8      | Noticed a cyclops
  8704 | D:8      | Noticed a guardian serpent
  8704 | D:8      | Noticed a five-headed hydra
  8704 | D:8      | Noticed a boulder beetle
  8815 | D:8      | Received a gift from Okawaru
  9109 | D:8      | Reached skill level 12 in Crossbows
  9668 | D:8      | Noticed a satyr
 10139 | D:9      | Reached skill level 13 in Crossbows
 10178 | D:9      | Reached XP level 11. HP: 50/68 MP: 14/16
 10271 | D:9      | Reached **** piety under Okawaru
 10271 | D:9      | Received a gift from Okawaru
 10308 | D:9      | Noticed a centaur warrior
 10372 | D:9      | Noticed a centaur warrior
 10386 | D:9      | Killed a centaur warrior
 10387 | D:9      | Reached skill level 14 in Crossbows
 10426 | D:9      | Noticed a wizard
 10437 | D:9      | Killed a wizard
 10446 | D:9      | Killed a centaur warrior
 10447 | D:9      | Reached skill level 15 in Crossbows
 10482 | D:9      | Noticed a white ugly thing
 10482 | D:9      | Noticed a green ugly thing
 10588 | D:9      | Identified the ring "Zataf" {AC+4 SInv}
 10588 | D:9      | Noticed a tengu warrior
 10743 | D:9      | Received a gift from Okawaru
 10744 | D:9      | Reached skill level 1 in Armour
 10818 | D:9      | Noticed a two-headed ogre
 10951 | D:9      | Noticed Erolcha
 10957 | D:10     | Entered Level 10 of the Dungeon
 10980 | D:10     | Noticed a two-headed ogre
 10988 | D:10     | Killed a two-headed ogre
 11129 | D:10     | Received a gift from Okawaru
 11265 | D:10     | Found a staircase to the Lair.
 11471 | D:9      | Noticed a boulder beetle
 11498 | D:9      | Killed a boulder beetle
 11539 | D:9      | Noticed a centaur warrior
 11718 | D:10     | Received a gift from Okawaru
 11888 | D:10     | Found a staircase to the Orcish Mines.
 11933 | D:10     | Noticed a centaur warrior
 11950 | D:10     | Killed a centaur warrior
 11950 | D:10     | Received a gift from Okawaru
 11951 | D:10     | Reached skill level 16 in Crossbows
 12053 | D:10     | Reached XP level 12. HP: 72/73 MP: 17/17
 12468 | D:1      | Bought a scroll of identify for 20 gold pieces
 12468 | D:1      | Bought a scroll of immolation for 35 gold pieces
 12468 | D:1      | Bought a scroll of fear for 35 gold pieces
 12468 | D:1      | Bought a scroll of identify for 20 gold pieces
 12468 | D:1      | Bought a scroll of identify for 20 gold pieces
 12468 | D:1      | Bought a scroll of blinking for 75 gold pieces
 12665 | Lair:1   | Entered Level 1 of the Lair of Beasts
 12722 | Lair:1   | Noticed Joseph
 12824 | Lair:1   | Killed Joseph
 13068 | Lair:1   | Reached skill level 17 in Crossbows
 13073 | Lair:1   | Received a gift from Okawaru
 13110 | Lair:1   | Noticed a catoblepas
 13330 | Lair:1   | Received a gift from Okawaru
 13357 | Lair:1   | Reached skill level 18 in Crossbows
 13364 | Lair:1   | Reached ***** piety under Okawaru
 13365 | Lair:1   | Reached skill level 1 in Evocations
 13384 | Lair:1   | You fall into a shaft and drop 1 floor!
 13775 | Lair:1   | Found a runed translucent gate.
 13825 | Lair:1   | Received a gift from Okawaru
 13888 | Lair:1   | Found a runed translucent gate.
 13888 | Lair:1   | Found a runed translucent gate.
 13898 | Lair:1   | Noticed Ceckukk's ghost (journeyman GrEE)
 14254 | Lair:1   | Noticed Taxzan's ghost (journeyman MiGl)
 14259 | Lair:1   | Noticed Beischinu's ghost (journeyman MiFi)
 14264 | Lair:1   | Noticed Bukhlaj's ghost (journeyman HOFi)
 14455 | D:11     | Found an opulent altar of Gozag.
 14478 | D:11     | Noticed a skeletal warrior
 14502 | D:11     | Noticed a skeletal warrior
 14575 | D:11     | Noticed Gastronok
 14611 | D:11     | Noticed Fannar
 14673 | D:11     | Noticed a two-headed ogre
 14718 | D:11     | Noticed a four-headed hydra
 14734 | D:11     | Noticed a two-headed ogre
 14746 | D:11     | Noticed a skeletal warrior
 14746 | D:11     | Noticed a skeletal warrior
 14922 | D:11     | Noticed a sun demon
 15303 | D:11     | Killed a two-headed ogre
 15370 | D:12     | Noticed a tengu warrior
 15552 | Lair:1   | Killed a catoblepas
 15740 | Lair:2   | Reached XP level 13. HP: 75/80 MP: 18/18
 16482 | Lair:2   | Reached skill level 19 in Crossbows
 16886 | Lair:3   | Noticed a boulder beetle
 16932 | Lair:3   | Killed a boulder beetle
 17050 | Lair:3   | Learned a level 2 spell: Blink
 17056 | Lair:3   | Noticed a four-headed hydra
 17145 | Lair:3   | Received a gift from Okawaru
 17164 | Lair:3   | Reached skill level 20 in Crossbows
 17449 | Lair:4   | Reached skill level 1 in Spellcasting
 17449 | Lair:4   | Reached skill level 1 in Translocations
 17597 | Lair:4   | Found a hole to the Spider Nest.
 17626 | Lair:4   | Received a gift from Okawaru
 18094 | Lair:4   | Found a staircase to the Swamp.
 18286 | Lair:5   | Identified the +1 spear "Colea" {vorpal, rF+ rN+}
 18321 | Lair:5   | Noticed a six-headed hydra
 18333 | Lair:5   | Noticed a five-headed hydra
 18412 | Lair:5   | Received a gift from Okawaru
 18424 | Lair:5   | Noticed a seven-headed hydra
 18694 | Lair:5   | Received a gift from Okawaru
 19109 | Lair:5   | Noticed an eight-headed hydra
 19515 | Lair:5   | Found a viscous altar of Jiyva.
 19516 | Lair:5   | Found a staircase to the Slime Pits.
 19577 | Lair:5   | Received a gift from Okawaru
 19638 | Lair:5   | Killed a six-headed hydra
 19790 | Lair:5   | Reached skill level 21 in Crossbows
 20093 | Lair:6   | Entered Level 6 of the Lair of Beasts
 20226 | Lair:6   | Reached XP level 14. HP: 73/86 MP: 19/19
 20654 | Lair:6   | Received a gift from Okawaru
 20705 | Lair:6   | Paralysed by a hornet for 1 turns
 20717 | Lair:6   | Reached skill level 10 in Fighting
 21662 | Lair:3   | Killed from afar by a steam dragon

Illustrated notes

Levels and vault maps discovered:
D:1:      saegor_arrival_simple_b, layout_rooms, serial_shops,
          nicolae_shop_waterfront, serial_glass, glass_columns_a,
          glass_columns_b, minmay_misc_feat_tower,
          chequers_serial_rivers_small_b
D:2:      layout_basic, uniq_jessica
D:3:      layout_loops_cross, uniq_terence, uniq_sigmund, uniq_grinder
D:4:      layout_gridville, trog_hazing_becter, serial_shops,
          nicolae_diamond_shop, uniq_eustachio
D:5:      kennysheep_big_flooded_room, layout_gridville, uniq_edmund
D:6:      layout_basic, minmay_temple_entry_offerings, gup_sewer_entry_pipe
D:7:      cheibrodos_barr_body, layout_rooms, serial_bayou, serial_bayou_pond_e,
          serial_bayou_pond_b, serial_bayou_ford_a, serial_bayou_pond_e,
          serial_bayou_pond_e
D:8:      minmay_gate_of_8, layout_rooms, minmay_misc_feat_ornament,
          chequers_mini_garden
D:9:      minmay_the_grid_triangle_9x9_rhombus_thin_mashed
          [minmay_the_grid_triangle_9x9_shrine,
          minmay_the_grid_triangle_9x9_prize_center,
          minmay_the_grid_triangle_9x9_windchime,
          minmay_the_grid_triangle_9x9_skeleton], layout_basic, uniq_erolcha
D:10:     layout_roguey, david_lair_shrubbed, erik_orc_4, minmay_lindwurm_lava
D:11:     layout_small_grid, grunt_gozag_statues, uniq_fannar, uniq_gastronok
D:12:     layout_roguey, minmay_ruined_shrine, uniq_kirke
Temple:   nicolae_temple_the_god_donut
Lair:1:   kb_forest_paths, layout_loops_ring, gammafunk_ghost_cemetery,
          uniq_joseph
Lair:2:   layout_hall_layers, serial_bayou_crossing, lemuel_fruit_tree
Lair:3:   cheibrodos_magma_flow, layout_loops_ring, bobbens_dragon_lair_wall
Lair:4:   layout_big_grid, swamp_mist, spider_nest_entry_a,
          nicolae_quartered_pool_impasse
Lair:5:   layout_roguey, slime_altar_1, lemuel_fruit_fields, grunt_megastairs_3,
          serial_bayou_shore_b, infiniplex_staircase_pool_2
Lair:6:   wormcave, layout_cave_shapes, hangedman_lair_in_review, minivault_27

Skill      XL: |  1  2  3  4  5  6  7  8  9 10 11 12 13 14 |
---------------+-------------------------------------------+-----
Crossbows      | 5 6 7 8 10 13 16 18 21 | 21.0
Fighting       | 3 8 9 10 | 10.0
Dodging        | 3 4 5 8 9 |  9.9
Invocations    | 1 7 |  7.0
Armour         | 3 4 |  4.0
Evocations     | 3 |  3.0
Spellcasting   | 3 4 |  4.0
Translocations | 3 4 |  4.0
Stealth        | |  1.7

Action                   |  1- 3 |  4- 6 |  7- 9 | 10-12 | 13-15 || total
-------------------------+-------+-------+-------+-------+-------++-------
Melee: Short sword       |    81 |   104 |    66 |       |       ||   251
       Punch             |     1 |     2 |     5 |     9 |     1 ||    18
       Whip              |       |       |    63 |       |       ||    63
       Rapier            |       |       |    77 |   203 |       ||   280
       Dagger            |       |       |    18 |   208 |    80 ||   306
       Hand crossbow     |       |       |       |     2 |       ||     2
 Fire: Hand crossbow     |     2 |    73 |   171 |   591 |   621 ||  1458
Throw: Stone             |       |       |     3 |       |     4 ||     7
       Dart              |       |       |       |       |     3 ||     3
       Throwing net      |       |       |       |       |     1 ||     1
Invok: Heroism           |       |       |     3 |    22 |    14 ||    39
       Finesse           |       |       |       |     8 |     3 ||    11
  Use: Scroll            |       |       |     7 |    14 |    11 ||    32
       Potion            |       |       |       |     4 |    11 ||    15
 Stab: Sleeping          |     6 |    10 |     4 |     3 |     2 ||    25
       Distracted        |       |       |       |     1 |       ||     1
Armor: Leather armour    |    18 |    16 |       |       |       ||    34
       Ring mail         |       |    12 |   128 |   295 |   161 ||   596
Dodge: Dodged            |    74 |   147 |   322 |   791 |   530 ||  1864
